 Dungeon Crawl Stone Soup version 0.29.0-11-gd7f09526c8 (webtiles) character file.

Game seed: 16228459327457916406

1600 Shayle the Conjurer (level 8, -2/49 HPs)
             Began as a Tengu Brigand on Sept 5, 2022.
             Was a Follower of Vehumet.
             Engulfed by a steam dragon's steam (12 damage)
             ... on level 6 of the Dungeon.
             The game lasted 00:11:18 (5450 turns).

Shayle the Conjurer (Tengu Brigand)                 Turns: 5450, Time: 00:11:19

Health: -2/49      AC: 10    Str: 11    XL:     8   Next: 94%
Magic:  15/15      EV: 14    Int: 25    God:    Vehumet [*.....]
Gold:   203        SH:  0    Dex: 16    Spells: 13/15 levels left

rFire   x . .      SeeInvis .   w - +3 trident "Docesalo" {elec, Str-5 Int+5}
rCold   . . .      Faith    .   (no shield)
rNeg    + . .      Spirit   .   H - quicksilver dragon scales
rPois   +          Reflect  .   (helmet restricted)
rElec   .          Harm     .   c - +0 cloak
rCorr   .          Rampage  .   (no gloves)
Will    +....                   (boots unavailable)
Stlth   +++.......              (no amulet)
HPRegen 0.16/turn               q - ring of Peyqais {rF- rN+ Str+5 Int+6}
MPRegen 0.14/turn               t - ring "Juoxuzeq" {rPois Slay+2}

@: flying quickly and evasively, quick
A: beak, talons 3, nimble flight
a: Renounce Religion


You were on level 6 of the Dungeon.
You worshipped Vehumet.
Vehumet was aware of your devotion.
You visited 2 branches of the dungeon, and saw 7 of its levels.

You collected 398 gold pieces.
You spent 195 gold pieces at shops.

Inventory:

Hand Weapons
 a - a +2 dagger
 n - a +0 dagger of speed
 w - the +3 trident "Docesalo" (weapon) {elec, Str-5 Int+5}
   (You bought it in a shop on level 4 of the Dungeon)

   It occasionally discharges a powerful burst of electricity upon striking a
   foe.
   Str:       It affects your strength (-5).
   Int:       It affects your intelligence (+5).
Missiles
 d - 16 poisoned darts (quivered)
 e - 3 curare-tipped darts
Armour
 b - a +0 robe
 c - a +0 cloak (worn)
 j - a +0 ring mail
 o - the +1 leather armour of Haizu {Fly rC+ Will- Str+4}
   (You found it on level 2 of the Dungeon)

   Str:       It affects your strength (+4).
   rC:        It protects you from cold.
   Fly:       It grants you flight.
   Will:      It decreases your willpower.
 D - the +5 ring mail of the Vaults {+Inv rF- Dex+8 Stlth+}
   (You found it on level 5 of the Dungeon)

   Dex:       It affects your dexterity (+8).
   rF:        It makes you vulnerable to fire.
   +Inv:      It lets you turn invisible.
   Stlth:     It makes you more stealthy.
 H - quicksilver dragon scales (worn)
Jewellery
 q - the ring of Peyqais (left hand) {rF- rN+ Str+5 Int+6}
   (You acquired it on level 4 of the Dungeon)

   [ring of intelligence]

   Str:       It affects your strength (+5).
   Int:       It affects your intelligence (+6).
   rF:        It makes you vulnerable to fire.
   rN:        It protects you from negative energy.
 t - the ring "Juoxuzeq" (right hand) {rPois Slay+2}
   (You found it on level 3 of the Dungeon)

   [ring of poison resistance]

   Slay:      It affects your accuracy & damage with ranged weapons and melee
   (+2).
   rPois:     It protects you from poison.
 F - a ring of ice
Wands
 y - a wand of roots (5)
Scrolls
 g - a scroll of teleportation
 i - 2 scrolls of enchant weapon {unknown}
 k - a scroll of summoning {unknown}
 l - a scroll of blinking {unknown}
 u - a scroll of poison {unknown}
 x - a scroll of enchant armour {unknown}
 A - a scroll of magic mapping {unknown}
 B - 3 scrolls of noise
 C - a scroll of amnesia {unknown}
 E - a scroll of silence {unknown}
 G - a scroll of fog {unknown}
Potions
 h - 2 potions of ambrosia
 m - a potion of might
 r - 2 potions of brilliance
 s - a potion of attraction {unknown}
 v - a potion of heal wounds {unknown}
 z - 2 potions of degeneration


   Skills:
 + Level 5.1 Fighting
 - Level 2.1 Short Blades
 - Level 2.0 Throwing
 + Level 1.2 Armour
 - Level 5.0 Dodging
 - Level 5.8 Stealth
 + Level 4.0 Spellcasting
 + Level 5.9 Conjurations
 - Level 4.5 Air Magic


You had 13 spell levels left.
You knew the following spells:

 Your Spells              Type           Power      Damage    Failure   Level
a - Static Discharge      Conj/Air       31%        3-7/arc   3%          2

Your spell library contained the following spells:

 Spells                   Type           Power      Damage    Failure   Level
 Shock                    Conj/Air       100%       1d9       2%          1
 Gell's Gravitas          Tloc           5%         N/A       54%         3
 Teleport Other           Tloc           5%         N/A       54%         3
 Lightning Bolt           Conj/Air       15%        1d29      56%         5
 Dispersal                Tloc           2%         N/A       100%        6
 Maxwell's Capacitive Co  Air            13%        ∞         100%        8


Dungeon Overview and Level Annotations

Branches:
Dungeon (6/15)             Temple (1/1) D:4

Altars:
Cheibriados
Dithmenos
Elyvilon
Gozag
Hepliaklqana
Makhleb
Nemelex Xobeh
Okawaru
Qazlal
Ru
Sif Muna
Trog
Uskayaw
Vehumet
Xom
Yredelemnul
Zin

Shops:
D:4 (

Annotations:
D:6 1 transporter


Innate Abilities, Weirdness & Mutations

You have a beak for a mouth.
You have claws for feet.
Your magical nature lets you fly swiftly and evasively.


Message History

You are engulfed in a cloud of scalding steam.
The howler monkey is engulfed in a cloud of scalding steam.
There is a shaft here.
The howler monkey attacks as you move away!
The howler monkey hits you but does no damage.
The howler monkey is engulfed in a cloud of scalding steam.
The howler monkey barely misses you.
The howler monkey attacks as you move away!
The howler monkey hits you.
The howler monkey hoots and howls with incredible vigour!
The steam dragon breathes steam at you. The ball of steam misses you.
You hear an angry growl.
The howler monkey hits you.
You hit the howler monkey.
Lightning courses through the howler monkey!
You kill the howler monkey!
Vehumet accepts your kill.
You barely miss the steam dragon. You claw the steam dragon.
Your peck misses the steam dragon.
The steam dragon is lightly wounded.
The steam dragon bites you. The steam dragon claws you.
You puncture the steam dragon!
You claw the steam dragon, but do no damage.
The steam dragon is heavily wounded.
The steam dragon bites you!
* * * LOW HITPOINT WARNING * * *
The steam dragon claws you but does no damage.
The steam dragon bites you but does no damage.
The steam dragon closely misses you.
You feel better. The steam dragon breathes steam at you.
The ball of steam hits you! The steam scalds you terribly!
* * * LOW HITPOINT WARNING * * *
You hear an angry growl.
Unknown command.
Okay, then.
You feel better.
You are engulfed in a cloud of scalding steam.
You die...

# #...#.#............#
.......#.#.....#..##...
....#..#...(.........#.#
........#......^..##....#
........#.......#.......
.....##.........§D.....#
....###.#.##.#####....
..#..#.##D# ###.
#.#.##.##@#
#.#.##.##§###.
#.#.##.##§....
#.#.##.....#
#...##..##<#.
#.............
#..#....##.....
....#........##.#
.............## #


You could see a steam dragon (catching breath).

Vanquished Creatures
  Prince Ribbit (D:5)
  Eustachio (D:5)
  2 ice beasts (D:6)
  A black bear (D:6)
  2 ogres (D:6)
  A centaur (D:5)
  Blork the orc (D:5)
  5 scorpions
  A necrophage (D:6)
  2 howler monkeys
  A gnoll bouda (D:4)
  3 iguanas
  3 adders
  6 gnolls
  A shadow imp (D:5)
  3 ufetubi
  A worm (D:2)
  4 dart slugs
  7 orcs
  6 ball pythons
  3 endoplasms
  3 giant cockroaches
  10 goblins
  5 hobgoblins
  4 jackals (D:5)
  A quokka (D:3)
  4 bats
  5 frilled lizards
  8 kobolds
  3 rats
98 creatures vanquished.

Vanquished Creatures (others)
  7 plants
  A withered plant (D:6)
8 creatures vanquished.

Grand Total: 106 creatures vanquished

Notes
Turn   | Place    | Note
-------+----------+-------------------------------------------
     0 | D:1      | Shayle the Tengu Brigand began the quest for the Orb.
     0 | D:1      | Reached XP level 1. HP: 12/12 MP: 2/2
   144 | D:1      | Reached XP level 2. HP: 15/17 MP: 3/3
   295 | D:1      | Learned a level 2 spell: Static Discharge
   361 | D:1      | Found a faded altar of an unknown god.
   820 | D:2      | Reached XP level 3. HP: 22/22 MP: 5/5
   932 | D:2      | Reached skill level 1 in Conjurations
   983 | D:2      | Reached skill level 1 in Spellcasting
  1219 | D:2      | Identified the +1 leather armour of Haizu {Fly rC+ Will-
                  | Str+4}
  1235 | D:2      | Reached skill level 1 in Air Magic
  1744 | D:3      | Reached XP level 4. HP: 27/27 MP: 6/6
  2004 | D:3      | Identified the ring "Juoxuzeq" {rPois Slay+2}
  2724 | D:4      | Found Methufeuw's Antique Weapon Shop.
  2843 | D:4      | Bought a masterwork trident for 195 gold pieces
  2843 | D:4      | Identified the +3 trident "Docesalo" {elec, Str-5 Int+5}
                  | (You bought it in a shop on level 4 of the Dungeon)
  2965 | D:4      | Noticed a scorpion
  2969 | D:4      | Killed a scorpion
  2970 | D:4      | Gained mutation: Your magical nature lets you fly swiftly
                  | and evasively. [Tengu growth]
  2970 | D:4      | Reached XP level 5. HP: 16/32 MP: 8/8
  3407 | D:4      | Identified a scroll of acquirement
  3407 | D:4      | Acquired the ring of Peyqais {rF- rN+ Str+5 Int+6}
  3442 | D:4      | Found a staircase to the Ecumenical Temple.
  3478 | Temple   | Entered the Ecumenical Temple
  3483 | Temple   | Became a worshipper of Vehumet
  3598 | D:4      | Reached XP level 6. HP: 34/37 MP: 9/9
  3851 | D:5      | Entered Level 5 of the Dungeon
  3904 | D:5      | Reached skill level 5 in Stealth
  3919 | D:5      | Noticed Eustachio
  4144 | D:5      | Killed Eustachio
  4145 | D:5      | Reached XP level 7. HP: 37/41 MP: 11/11
  4197 | D:5      | Noticed Prince Ribbit
  4200 | D:5      | Killed Prince Ribbit
  4407 | D:5      | Found a sacrificial altar of Ru.
  4408 | D:5      | Found a hide-covered altar of Uskayaw.
  4415 | D:5      | Identified the +5 ring mail of the Vaults {+Inv rF- Dex+8
                  | Stlth+}
  4510 | D:5      | Noticed Blork the orc
  4516 | D:5      | Reached XP level 8. HP: 47/48 MP: 13/13
  4519 | D:5      | Killed Blork the orc
  4693 | D:5      | Reached * piety under Vehumet
  4693 | D:5      | Offered knowledge of Shock by Vehumet.
  5143 | D:6      | Reached skill level 5 in Conjurations
  5249 | D:6      | Reached skill level 5 in Dodging
  5332 | D:6      | Found a transporter.
  5336 | D:6      | Noticed a queen bee
  5341 | D:6      | Noticed a hornet
  5411 | D:6      | Reached skill level 5 in Fighting
  5411 | D:6      | Reached skill level 1 in Armour
  5450 | D:6      | Engulfed by a steam dragon's steam

Illustrated notes

Levels and vault maps discovered:
D:1:      dpeg_arrival_subterranean_lakeside_camping, layout_basic,
          dreamdust_ecumenical_altar_grove
D:2:      cheibrodos_old_hovel, layout_basic
D:3:      kennysheep_six_static_rooms, layout_basic
D:4:      layout_rooms, minmay_temple_entry_trees, serial_shops,
          nicolae_shop_advertising_works [nicolae_subvault_shop_adworks]
D:5:      layout_loops_ring, mainiacjoe_overflow_divided_tiny,
          serial_bayou_crossing, uniq_blork_the_orc, uniq_prince_ribbit1,
          uniq_eustachio
D:6:      layout_rooms, grunt_temple_overflow_growth_and_decay,
          gammafunk_ghost_hive
Temple:   minmay_freezing_vapour_temple

Skill      XL: |  1  2  3  4  5  6  7  8 |
---------------+-------------------------+-----
Conjurations   | 1 2 3 4 5 |  5.9
Spellcasting   | 1 2 3 4 |  4.0
Air Magic      | 1 2 3 4 |  4.5
Dodging        | 2 3 4 5 |  5.0
Fighting       | 3 4 5 |  5.1
Stealth        | 5 |  5.8
Armour         | 1 |  1.2
Short Blades   | |  2.1
Throwing       | |  2.0

Action                   |  1- 3 |  4- 6 |  7- 9 || total
-------------------------+-------+-------+-------++-------
Melee: Dagger            |    77 |    43 |       ||   120
       Kick              |    17 |    18 |    11 ||    46
       Peck              |     7 |    17 |     7 ||    31
       Trident           |       |    45 |    47 ||    92
Throw: Dart              |       |     7 |       ||     7
  Use: Scroll            |     2 |     3 |     4 ||     9
       Potion            |       |     2 |     2 ||     4
 Stab: Sleeping          |     8 |     5 |     5 ||    18
       Distracted        |       |     2 |       ||     2
Armor: Robe              |     8 |       |       ||     8
       Ring mail         |     9 |       |       ||     9
       Leather armour    |     1 |    33 |     8 ||    42
       Quicksilver drago |       |       |     4 ||     4
Dodge: Dodged            |    25 |    76 |    40 ||   141
